 Dungeon Crawl Stone Soup version 0.31.0-32-g396128a36d (webtiles) character file.

Game seed: 8682580550627886988

1447 Peloso the Carver (level 8, -6/60 (68) HPs)
             Began as a Minotaur Fighter on Apr 6, 2024.
             Was a Believer of Okawaru.
             Mangled by a wight
             ... wielding a +2 flail of freezing
              (9 damage)
             ... on level 6 of the Dungeon.
             The game lasted 00:07:04 (5468 turns).

Peloso the Carver (Minotaur Fighter)                Turns: 5468, Time: 00:07:04

HP:   -6/60 (68)    AC: 13    Str: 22    XL:     8   Next: 46%
MP:   7/7           EV:  6    Int:  5    God:    Okawaru [**....]
Gold: 191           SH:  5    Dex: 11    Spells: 7/7 levels left

rFire   . . .        a - +0 long sword
rCold   . . .        d - +0 buckler
rNeg    . . .        m - +0 plate armour
rPois   .            (helmet currently unavailable)
rElec   .            (cloak currently unavailable)
rCorr   .            (gloves currently unavailable)
SInv    .            (boots currently unavailable)
Will    .....        s - amulet of the acrobat Stlth
                     (no ring)
HPRegen 0.30/turn    (no ring)
MPRegen 0.10/turn

%: acrobat
@: beast-form, heavily drained
A: beast (slay +1), horns 2, retaliatory headbutt
a: Begin Untransformation, Renounce Religion, Heroism


You were on level 6 of the Dungeon.
You worshipped Okawaru.
Okawaru was pleased with you.
You were a hulking beast.
You visited 2 branches of the dungeon, and saw 7 of its levels.

You collected 191 gold pieces.

Inventory:

Hand Weapons
 a - a +0 long sword (weapon)
Missiles
 f - a throwing net (quivered)
Armour
 b - a +0 scale mail
 c - a +0 chain mail
 d - a +0 buckler (worn)
 m - a +0 plate armour (worn)
Jewellery
 s - an amulet of the acrobat (around neck)
Talismans
 g - a beast talisman (active)
Wands
 i - a wand of digging (6)
Scrolls
 e - 4 scrolls of identify
 h - 5 scrolls of fear {unknown}
 j - a scroll of blinking {unknown}
 n - a scroll of amnesia {unknown}
 o - 2 scrolls of teleportation {unknown}
 q - a scroll of summoning {unknown}
 r - a scroll of brand weapon {unknown}
 t - 2 scrolls of torment {unknown}
Potions
 k - a potion of might
 l - a potion of cancellation
 p - a potion of haste
 u - a potion of brilliance


   Skills:
 + Level 5.3 Fighting
 + Level 8.2 Long Blades
 + Level 7.4 Armour
 + Level 0.8 Dodging
 + Level 1.0 Stealth
 + Level 5.6 Shields
 + Level 2.2 Shapeshifting


You had 7 spell levels left.
You didn't know any spells.
Your spell library contained the following spells:

 Spells                   Type           Power      Damage    Failure   Level
 Stone Arrow              Conj/Erth      0%         3d7       100%        3
 Lehudib's Crystal Spear  Conj/Erth      0%         10d2      100%        8
 Animate Armour           Summ/Erth      Unusable   N/A       N/A         4

Dungeon Overview and Level Annotations

Branches:
Dungeon (6/15)             Temple (1/1) D:4

Altars:
Ashenzari
Cheibriados
Elyvilon
Fedhas
Gozag
Nemelex Xobeh
Okawaru
Qazlal
Sif Muna
Trog
Vehumet
Wu Jian
Xom
Zin
The Shining One

Shops:
D:2 (

Annotations:
D:3 Ijyb


Innate Abilities, Weirdness & Mutations

You are a hulking beast.
Your limbs bulge with bestial killing power. (Slay +1)
You have a pair of horns on your head.
You reflexively headbutt those who attack you in melee.


Message History

You block the wight's attack.
You barely miss the wight.
The wight is severely damaged.
The wight hits you but does no damage.
You barely miss the wight.
You headbutt the wight, but do no damage.
The wight is severely damaged.
The wight hits you with a +2 flail of freezing!
* * * LOW HITPOINT WARNING * * *
You feel drained.
* * * LOW HITPOINT WARNING * * *
The wight freezes you.
* * * LOW HITPOINT WARNING * * *
The wight hits you with a +0 mace.
* * * LOW HITPOINT WARNING * * *
The wight barely misses you.
You feel much better. The wight hits you but does no damage.
The wight hits you with a +2 flail of freezing.
The wight freezes you.
Unknown command.
You hit the wight but do no damage.
The wight is severely damaged.
The wight hits you with a +0 mace.
The wight hits you with a +2 flail of freezing!
* * * LOW HITPOINT WARNING * * *
You feel drained.
* * * LOW HITPOINT WARNING * * *
The wight freezes you.
* * * LOW HITPOINT WARNING * * *
The wight barely misses you. You furiously retaliate!
You headbutt the wight!
Unknown command.
Okay, then.
You closely miss the wight.
The wight is severely damaged.
The wight hits you with a +4 battleaxe.
* * * LOW HITPOINT WARNING * * *
You feel drained.
* * * LOW HITPOINT WARNING * * *
The wight hits you with a +2 flail of freezing!
You die...

#..# #.##......zz.#...# #..#
#..............#
#..#########.###....#...###
#..#.........# ###..#.#..#
.....######### #....#z.#
...<.# #.#..#..## .....#
#........## .....#
####..###z...# .....#
######zhz.##...#......
....## ##....zz##.#..###
.#### ....#
##..######..).#####.###
##.†####..## #...)#........
#.†...#.## #....[.##
##.......# #....[..##
#.#.##..## #######<.#
#.#..#..z### ########z###.#
#.##...#...####.z.z.zz.....#


You could see 4 wights.

Vanquished Creatures
  A water moccasin (D:6)
  A black bear (D:5)
  4 ogres
  2 centaurs (D:5)
  A phantom (D:5)
  2 scorpions
  2 howler monkeys
  A jelly (D:6)
  2 orc priests
  A bombardier beetle (D:6)
  A hound (D:6)
  An iguana (D:5)
  3 orc wizards (D:5)
  2 sleepcaps (D:6)
  10 adders
  A white imp (D:6)
  2 ufetubi (D:6)
  3 dart slugs
  A ribbon worm (D:4)
  19 orcs
  4 endoplasms
  3 giant cockroaches
  2 goblins
  6 hobgoblins
  3 kobolds
  2 quokkas
  9 ball pythons
  7 bats
  A frilled lizard (D:3)
  4 rats
101 creatures vanquished.

Notes
Turn   | Place    | Note
-------+----------+-------------------------------------------
     0 | D:1      | Peloso the Minotaur Fighter began the quest for the Orb.
     0 | D:1      | Reached XP level 1. HP: 19/19 MP: 0/0
   217 | D:1      | Reached XP level 2. HP: 27/27 MP: 1/1
   813 | D:2      | Found Salaur's Weapon Shop.
   870 | D:2      | Reached XP level 3. HP: 33/33 MP: 2/2
   888 | D:2      | Found a faded altar of an unknown god.
  1565 | D:3      | Reached skill level 3 in Long Blades
  1946 | D:3      | Reached XP level 4. HP: 40/40 MP: 3/3
  2170 | D:3      | Noticed Ijyb
  2705 | D:4      | Found a staircase to the Ecumenical Temple.
  2707 | D:4      | Noticed a scorpion
  2714 | D:4      | Killed a scorpion
  2715 | D:4      | Reached skill level 1 in Shapeshifting
  2715 | D:4      | Reached XP level 5. HP: 46/46 MP: 4/4
  2718 | Temple   | Entered the Ecumenical Temple
  2752 | Temple   | Became a worshipper of Warmaster Okawaru
  2789 | D:4      | Noticed an ogre
  2796 | D:4      | Killed an ogre
  2797 | D:4      | Reached skill level 4 in Long Blades
  2797 | D:4      | Reached skill level 5 in Armour
  3245 | D:4      | Reached XP level 6. HP: 53/53 MP: 5/5
  3326 | D:4      | Found a radiant altar of Vehumet.
  3419 | D:4      | Identified the +0 helmet of the Beekeeper {Fly rN+ Will+
                  | Stlth+}
  3662 | D:5      | Entered Level 5 of the Dungeon
  3744 | D:5      | Reached skill level 5 in Long Blades
  4043 | D:5      | Reached skill level 6 in Long Blades
  4101 | D:5      | Reached XP level 7. HP: 58/60 MP: 6/6
  4162 | D:5      | Reached * piety under Okawaru
  4352 | D:5      | Reached skill level 7 in Long Blades
  4701 | D:5      | Reached skill level 1 in Stealth
  4701 | D:5      | Reached skill level 5 in Shields
  4757 | D:5      | Reached skill level 5 in Fighting
  4757 | D:5      | Reached XP level 8. HP: 68/68 MP: 7/7
  5329 | D:6      | Reached skill level 8 in Long Blades
  5330 | D:6      | Reached ** piety under Okawaru
  5468 | D:6      | HP: 3/60 [wight/+4 battleaxe (1)]
  5468 | D:6      | Mangled by a wight

Illustrated notes

Levels and vault maps discovered:
D:1:      nicolae_arrival_somewhat_less_tricky_arrival, layout_basic,
          reono_crystal_passage, hangedman_feature_mirror
D:2:      layout_loops_ring, basic_ecumenical_altar, serial_shops, shop
D:3:      layout_basic, mainiacjoe_overflow_concentric_impassable, uniq_ijyb
D:4:      layout_loops_ring, vehumet_crystals, minmay_temple_entry_junction_2
D:5:      layout_cave_pods
D:6:      layout_rooms, nicolae_uskayaw_en_pointe,
          grunt_dithmenos_smoke_and_mirrors
Temple:   compressed_dpeg_circular_temple

Skill      XL: |  1  2  3  4  5  6  7  8 |
---------------+-------------------------+-----
Armour         | 4 5 6 7 |  7.4
Shields        | 4 5 |  5.6
Fighting       | 4 5 |  5.3
Long Blades    | 3 4 6 7 8 |  8.2
Shapeshifting  | 1 2 |  2.2
Stealth        | 1 |  1.0
Dodging        | |  0.8

Action                     |  1- 3 |  4- 6 |  7- 9 || total
---------------------------+-------+-------+-------++-------
  Melee: Long sword        |    92 |   131 |   128 ||   351
         Headbutt          |     6 |    18 |    33 ||    57
 Invoke: Heroism           |       |       |     1 ||     1
    Use: Potion            |     2 |       |     1 ||     3
         Scroll            |     1 |     1 |     3 ||     5
 Armour: Scale mail        |    26 |       |       ||    26
         Chain mail        |    40 |       |       ||    40
         Plate armour      |    16 |   111 |   134 ||   261
  Dodge: Dodged            |    55 |    38 |    63 ||   156
  Block: Buckler           |    24 |    17 |    38 ||    79
   Form: Beast             |     1 |       |       ||     1
